 Dungeon Crawl Stone Soup version 0.31-a0-986-g5e6e4ef867 (webtiles) character file.

Game seed: 17820503899351458099

20 wildpjah the Grasshopper (level 2, -3/17 HPs)
             Began as a Tengu Warper on Nov 18, 2023.
             Slain by a worm (10 damage)
             ... on level 2 of the Dungeon.
             The game lasted 00:01:01 (560 turns).

wildpjah the Grasshopper (Tengu Warper)              Turns: 560, Time: 00:01:02

Health: -3/17      AC:  4    Str: 11    XL:     2   Next: 79%
Magic:  6/6        EV: 12    Int: 13    God:
Gold:   51         SH:  0    Dex: 13    Spells: 5/5 levels left

rFire   . . .        a - +0 falchion
rCold   . . .        (no shield)
rNeg    . . .        b - +0 leather armour
rPois   .            (helmet restricted)
rElec   .            (no cloak)
rCorr   .            i - +0 pair of gloves
SInv    .            (boots unavailable)
Will    .....        (no amulet)
Stlth   +            (no ring)
HPRegen 0.22/turn    (no ring)
MPRegen 0.10/turn

%: acrobat
@: no status effects
A: beak, talons 3, acrobatic
a: no special abilities


You were on level 2 of the Dungeon.
You visited 1 branch of the dungeon, and saw 2 of its levels.

You collected 51 gold pieces.

Inventory:

Hand Weapons
 a - a +0 falchion (weapon)
Missiles
 d - 7 darts of dispersal (quivered)
Armour
 b - a +0 leather armour (worn)
 i - a +0 pair of gloves (worn)
Scrolls
 c - a scroll of blinking
 e - a scroll of poison {unknown}
 f - 2 scrolls of identify {unknown}
 g - a scroll of vulnerability {unknown}
 j - a scroll of teleportation {unknown}
Potions
 h - 2 potions of brilliance {unknown}


   Skills:
 + Level 2.0 Fighting
 + Level 2.2 Long Blades
 + Level 1.0 Throwing
 + Level 1.1 Armour
 + Level 2.7 Dodging
 + Level 2.2 Spellcasting
 + Level 2.8 Translocations


You had 5 spell levels left.
You didn't know any spells.
Your spell library contained the following spells:

 Spells                   Type           Power      Damage    Failure   Level
 Blink                    Tloc           16%        N/A       16%         2
 Lesser Beckoning         Tloc           16%        N/A       16%         2
 Teleport Other           Tloc           8%         N/A       30%         3
 Manifold Assault         Tloc           8%         N/A       71%         4
 Vhi's Electric Charge    Tloc/Air       10%        N/A       88%         4


Dungeon Overview and Level Annotations

Branches:
Dungeon (2/15)

Altars:


Innate Abilities, Weirdness & Mutations

You have a beak for a mouth.
You have claws for feet.
You can magically evade attacks while moving or waiting.


Message History

No target in view!
No target in view!
No target in view!
No target in view!
No target in view!
No target in view!
A rat comes into view.
A rat is nearby!
Found a scroll labelled KYTZOA AZXIO.
You hit the rat.
You kill the rat!
No target in view!
Unknown command.
No target in view!
No target in view!
You see here a rat corpse.
A worm comes into view.
A worm is nearby!
You see here a scroll labelled KYTZOA AZXIO.
You hit the worm. You peck the worm.
The worm is moderately wounded.
The worm misses you.
You hit the worm but do no damage. You peck the worm, but do no damage.
The worm is lightly wounded.
The worm bites you.
You hit the worm. Your kick misses the worm.
The worm is heavily wounded.
The worm barely misses you.
You barely miss the worm.
The worm is moderately wounded.
You barely miss the worm. You claw the worm. Your punch misses the worm.
The worm is heavily wounded.
The worm bites you!
You are too injured to fight recklessly!
You are too injured to fight recklessly!
You hit the worm. You claw the worm.
The worm is severely wounded.
The worm bites you!
Ouch! That really hurt!
You die...

###..#.##....#......#
#..#.#.#...........#
#....###........[..#
##..†###...).......#
#.#...##)...#......#
##....##..........##
#.#....#...#.......
####...#..###.###
#.#.@# ####w# .## ##


You could see a worm.

Vanquished Creatures
  2 dart slugs (D:1)
  A ball python (D:1)
  2 bats
  A giant cockroach (D:1)
  2 goblins
  2 hobgoblins
  A quokka (D:1)
  2 frilled lizards (D:1)
  A kobold (D:1)
  2 rats
16 creatures vanquished.

Notes
Turn   | Place    | Note
-------+----------+-------------------------------------------
     0 | D:1      | wildpjah the Tengu Warper began the quest for the Orb.
     0 | D:1      | Reached XP level 1. HP: 12/12 MP: 4/4
   104 | D:1      | Reached XP level 2. HP: 17/17 MP: 6/6
   560 | D:2      | Slain by a worm

Illustrated notes

Levels and vault maps discovered:
D:1:      giann_wishing_wells, layout_rooms, serial_forest,
          infiniplex_forest_end_2, infiniplex_forest_lined_ring,
          infiniplex_forest_straight_2, infiniplex_forest_end_1,
          infiniplex_forest_lined_4_way, infiniplex_forest_straight_1,
          infiniplex_forest_lined_4_way, glass_columns_b
D:2:      wad_crossroads, layout_rooms, reono_crystal_passage

Action                     || total
---------------------------++-------
  Melee: Falchion          ||    45
         Kick              ||     9
         Peck              ||     3
 Armour: Leather armour    ||    18
  Dodge: Dodged            ||    30

Table legend: (Time is in decaauts)
 A = Elapsed time spent in this place.
 B = Non-inter-level travel time spent in this place.
 C = Inter-level travel time spent in this place.
 D = Time resting spent in this place.
 E = Time spent auto-exploring this place.
 F = Levels seen in this place.
 G = Mean time per level.
                   A        B        C        D        E       F      G
               +--------+--------+--------+--------+--------+-----+--------+
         Total |    568 |    527 |     41 |      0 |    404 |   2 |  284.0 |
       Dungeon |    568 |    527 |     41 |      0 |    404 |   2 |  284.0 |
               +--------+--------+--------+--------+--------+-----+--------+

Top non-repeatable levels by time:
     D:1: 523 daAuts
     D:2: 45 daAuts
